Map: Eternal Empire LE

Players

soO

  • Race: Zerg Zerg
  • Spawn Location: 7:00

INnoVation - Winner!

  • Race: Terran Terran
  • League: Master
  • Spawn Location: 1:00

Event: Shopify TSL 5

VOD

Have the link to the VOD?

Description

Time

  • Played on: June 7, 2020, 11:23 a.m.
  • Length: 8:37

All games in this series

Show
View Real Time Build Order
Export as new Build Order

soO Zerg 

Build Orders: Hatch First, Muta Ling Bane 

Get SALT Encoding   

  12  0:00  Drone  
  13  0:12  Overlord  
  13  0:16  Drone  
  14  0:30  Drone x2  
  16  0:47  Hatchery  
  15  0:51  Drone  
  15  0:54  Drone  
  17  0:58  Drone  
  18  1:08  Extractor  
  17  1:13  Spawning Pool  
  17  1:16  Drone  
  17  1:20  Drone  
  18  1:28  Drone  
  19  1:38  Drone  
  20  1:49  Overlord  
  20  1:59  Queen x2  
  20  2:00  Zergling x4  
  26  2:11  Drone x2  
  28  2:19  Metabolic Boost  
  28  2:21  Drone  
  28  2:22  Drone  
  30  2:35  Hatchery  
  29  2:41  Queen  
  31  2:45  Drone  
  31  2:49  Overlord  
  32  2:52  Drone  
  32  2:54  Drone  
  32  2:56  Drone  
  35  2:58  Drone  
  36  3:08  Drone x2  
  36  3:10  Drone x2  
  36  3:11  Drone  
  41  3:15  Overlord  
  41  3:20  Queen  
  41  3:25  Drone  
  44  3:32  Overlord  
  44  3:37  Drone x2  
  44  3:41  Drone x2  
  48  3:43  Drone  
  48  3:47  Queen, Overlord  
  51  3:48  Drone  
  51  3:53  Extractor, Lair  
  51  3:57  Drone x2  
  51  3:59  Drone  
  51  4:00  Drone  
  55  4:06  Zergling x4  
  57  4:10  Queen  
  57  4:14  Drone  
  57  4:15  Drone  
  61  4:17  Drone x2  
  61  4:19  Drone x2  
  61  4:21  Drone  
  66  4:26  Drone  
  66  4:27  Drone  
  66  4:29  Baneling Nest  
  68  4:31  Drone x4  
  68  4:35  Drone x2  
  68  4:36  Drone  
  74  4:42  Overlord  
  74  4:48  Overlord  
  74  4:53  Spire  
  74  4:54  Drone  
  74  4:55  Extractor x2  
  74  4:56  Drone x2  
  74  4:57  Overlord  
  74  5:00  Extractor, Drone, Spore Crawler  
  74  5:01  Extractor, Drone x3  
  74  5:04  Drone  
  74  5:05  Drone x2  
  78  5:08  Spore Crawler  
  78  5:10  Spore Crawler  
  78  5:11  Drone  
  78  5:12  Drone  
  78  5:14  Centrifical Hooks  
  78  5:16  Drone x2  
  78  5:18  Drone  
  78  5:19  Drone  
  78  5:20  Drone x2  
  84  5:21  Drone  
  84  5:27  Drone x3  
  88  5:35  Drone  
  89  5:37  Drone  
  89  5:39  Evolution Chamber x2  
  88  5:46  Zergling x8  
  88  5:49  Overlord  
  92  5:50  Hatchery  
  92  5:51  Overlord  
  92  5:57  Overlord  
  91  6:03  Overlord  
  91  6:05  Mutalisk x3  
  91  6:07  Mutalisk  
  91  6:08  Mutalisk x2  
  91  6:11  Zerg Ground Armor Level 1  
  103  6:14  Zerg Melee Weapons Level 1  
  103  6:16  Zergling x8  
  103  6:18  Baneling x3  
  107  6:20  Zergling x4  
  109  6:26  Zergling x10  
  114  6:40  Mutalisk x3  
  114  6:44  Overlord  
  117  6:50  Baneling x4  
  114  6:56  Mutalisk x2  
  115  7:03  Zergling x22  
  118  7:09  Baneling x3  
  118  7:14  Zergling x14  
  125  7:16  Drone  
  126  7:25  Zergling x8  
  130  7:32  Baneling x9  
  130  7:37  Mutalisk x3  
  130  7:39  Baneling  
  130  7:40  Zergling x8  
  130  7:41  Overlord x3  
  130  7:43  Overlord  
  127  7:55  Mutalisk x2  
  127  7:57  Zergling x14  
  108  8:05  Zergling x4  
  108  8:11  Zergling x2  
  108  8:12  Zergling x16  
  115  8:19  Baneling x6  
Show
View Real Time Build Order
Export as new Build Order

INnoVation Terran - Winner!

Build Orders: Reaper Expand 

Get SALT Encoding   

  12  0:00  SCV  
  13  0:12  SCV  
  14  0:17  Supply Depot  
  14  0:24  SCV  
  15  0:38  SCV  
  15  0:39  Barracks  
  16  0:44  Refinery  
  16  0:50  SCV  
  17  1:02  SCV  
  18  1:14  SCV  
  19  1:26  Reaper  
  19  1:27  Orbital Command  
  20  1:39  Command Center  
  20  1:50  Supply Depot  
  20  1:53  SCV  
  21  1:58  Marine  
  22  2:05  SCV  
  23  2:14  Factory  
  23  2:17  SCV  
  23  2:21  Barracks Reactor  
  24  2:29  SCV  
  25  2:39  Command Center  
  25  2:42  SCV  
  26  2:51  Orbital Command  
  26  2:54  SCV  
  27  3:04  Hellion x2  
  27  3:05  Barracks Tech Lab  
  31  3:07  SCV  
  32  3:17  SCV  
  32  3:19  SCV  
  34  3:24  Stimpack  
  34  3:25  Hellion x2, Marine  
  39  3:31  SCV  
  39  3:32  SCV  
  39  3:33  Supply Depot  
  40  3:39  Refinery  
  40  3:43  SCV  
  40  3:44  SCV  
  42  3:48  Barracks  
  42  3:51  Orbital Command  
  42  3:54  Factory Reactor  
  42  3:55  Barracks  
  42  3:57  SCV  
  42  3:58  SCV  
  42  4:00  Marine  
  45  4:09  SCV  
  46  4:10  SCV  
  46  4:16  Engineering Bay  
  46  4:17  Engineering Bay  
  47  4:19  SCV  
  47  4:20  Marine  
  47  4:22  SCV x2  
  51  4:28  Refinery  
  51  4:29  Refinery  
  51  4:32  Supply Depot  
  51  4:33  SCV  
  51  4:34  SCV x2  
  51  4:36  Factory Reactor  
  54  4:42  Terran Infantry Weapons Level 1  
  54  4:44  Marine, Terran Infantry Armor Level 1  
  54  4:45  Marine  
  56  4:46  Marine  
  56  4:49  SCV x2  
  56  4:50  SCV  
  60  4:55  Starport  
  60  4:56  Marine x2  
  62  5:01  Orbital Command, Supply Depot  
  62  5:02  Marine  
  62  5:03  SCV  
  62  5:05  SCV  
  65  5:11  Combat Shield  
  65  5:12  Marine x2  
  67  5:16  SCV  
  67  5:17  SCV  
  67  5:21  Marine x3  
  69  5:26  SCV, Factory Tech Lab, Supply Depot  
  73  5:28  SCV  
  73  5:29  SCV  
  73  5:31  Supply Depot  
  75  5:36  Marine x2  
  75  5:39  Medivac x2  
  75  5:41  SCV x3  
  84  5:43  Supply Depot  
  84  5:48  Siege Tank  
  87  5:53  Barracks x2  
  87  5:55  Supply Depot  
  87  5:56  SCV x3  
  90  6:00  Marine x5  
  95  6:05  Supply Depot  
  95  6:10  Armory  
  95  6:12  Medivac  
  95  6:13  Medivac  
  95  6:16  SCV x3  
  102  6:20  Supply Depot  
  102  6:22  Siege Tank  
  102  6:24  Marine x2  
  102  6:25  Marine x3  
  109  6:31  SCV x3  
  113  6:33  Supply Depot  
  113  6:35  Refinery x2  
  113  6:40  Barracks Reactor x2  
  113  6:43  Marine x5  
  118  6:49  SCV x3  
  121  7:01  Marine x4  
  114  7:04  SCV x3  
  114  7:07  Siege Tank  
  121  7:10  Missile Turret  
  121  7:13  Missile Turret x2  
  121  7:14  Marine  
  122  7:16  Medivac  
  122  7:20  Medivac  
  125  7:25  Marine x5  
  130  7:33  SCV x3  
  130  7:34  Marine x3  
  130  7:35  Factory  
  135  7:39  Siege Tank  
  135  7:43  Marine x3  
  141  7:49  Supply Depot x2  
  141  7:50  Marine x2  
  141  7:56  Marine, Medivac x2  
  141  7:57  Marine x3  
  133  8:00  Marine  
  133  8:01  Marine x2  
  132  8:07  Marine x2  
  137  8:14  Marine x2  
  137  8:16  Marine x2  
  137  8:18  Marine x3  
Tags
 
Add a new tag
Caveats
  • Supply blocks, unpowered buildings, or Contaminate may cause inaccurate times.
  • Supply counts are checked every 10 seconds.